[ AOE2 MATCH · #457033765 ]
Team RMPortuguese vs Sicilians
[ REPLAY ANALYSIS · EXTRACTED FROM THE RECORDED GAME ]
Feudal
11:17
Castle
18:19
Imperial
34:54
| APM avg | 17.5 |
| APM peak | 58 |
| eAPM avg | 8.4 |
| Villagers / military | 61 / 76 |
Focus
⚔️ 29.4% · 🌾 70.6%
Organ Gun ×49 · Bombard Cannon ×11 · Battering Ram ×7 · Monk ×4 · Mangonel ×4 · Trade Cart ×3
Feudal
11:37
Castle
20:34
Imperial
32:20
| APM avg | 15.1 |
| APM peak | 91 |
| eAPM avg | 11.6 |
| Villagers / military | 89 / 127 |
Focus
⚔️ 39.6% · 🌾 60.4%
Spearman ×57 · Skirmisher ×50 · Hand Cannoneer ×12 · Bombard Cannon ×3 · Archer ×2 · Trebuchet (Packed) ×2
Feudal
12:50
Castle
16:52
Imperial
28:42
| APM avg | 24.1 |
| APM peak | 62 |
| eAPM avg | 17.8 |
| Villagers / military | 122 / 265 |
Focus
⚔️ 39.6% · 🌾 60.4%
Spearman ×167 · Serjeant ×63 · Mangonel ×20 · Trebuchet (Packed) ×10 · Monk ×3 · Trade Cart ×3
Feudal
13:06
Castle
29:41
Imperial
54:38
| APM avg | 16.4 |
| APM peak | 37 |
| eAPM avg | 12.2 |
| Villagers / military | 91 / 197 |
Focus
⚔️ 30.8% · 🌾 69.2%
Skirmisher ×70 · Teutonic Knight ×38 · Scorpion ×18 · Knight ×17 · Battering Ram ×15 · Militia ×10
Feudal
15:49
Castle
21:21
Imperial
43:40
| APM avg | 10.8 |
| APM peak | 36 |
| eAPM avg | 8.9 |
| Villagers / military | 105 / 27 |
Focus
⚔️ 15.9% · 🌾 84.1%
Unknown (2550) ×55 · Unknown (2582) ×38 · Unknown (2579) ×26 · Skirmisher ×15 · Spearman ×12 · Trade Cart ×9
Feudal
10:38
Castle
18:41
Imperial
33:49
| APM avg | 19.4 |
| APM peak | 51 |
| eAPM avg | 10.7 |
| Villagers / military | 78 / 134 |
Focus
⚔️ 27.6% · 🌾 72.4%
Knight ×117 · Monk ×12 · Trade Cart ×5 · Throwing Axeman ×5
Match map
Initial resources + every placement click. Lines = walls · curves = elevation contours. ◆ gold · ⬟ stone · ● berries · ✦ relic · ◌ wall gap
Your base· ✓ Closed at 18:19 · 0t walls · 2 gate(s)
Deathraika's base· ✓ Closed at 20:34 · 0t walls · 2 gate(s)
luiz's base· ✓ Closed at 16:52 · 5t walls · 2 gate(s)
italoramosbr's base· ✓ Closed at 29:41 · 0t walls · 3 gate(s)
SirCardoso's base· ✓ Closed at 21:21 · 0t walls · 3 gate(s)
o Talarico's base· ✓ Closed at 18:41 · 0t walls · 3 gate(s)
Smoothed initial terrain · ◌ = detected wall gap · hover for details
Inputs per minute
— ZECA URUBU - - Deathraika
Build order — ZECA URUBU
First 150 of 196 actions detected
| 0:07 | Build | House |
| 0:09 | Build | House |
| 0:18 | Create | Villager (Male) ×4 |
| 1:50 | Create | Villager (Male) |
| 2:05 | Build | Lumber Camp |
| 2:21 | Create | Villager (Male) |
| 2:28 | Build | House |
| 2:40 | Create | Villager (Male) |
| 3:02 | Build | House |
| 3:17 | Create | Villager (Male) |
| 3:30 | Research | Loom |
| 3:31 | Create | Villager (Male) |
| 4:37 | Build | Mining Camp |
| 4:54 | Create | Villager (Male) |
| 4:54 | Create | Villager (Male) |
| 5:25 | Create | Villager (Male) |
| 5:25 | Create | Villager (Male) |
| 5:25 | Create | Villager (Male) |
| 5:48 | Build | Mill |
| 6:22 | Create | Villager (Male) |
| 6:22 | Create | Villager (Male) |
| 7:10 | Build | Farm |
| 7:20 | Create | Villager (Male) |
| 7:20 | Create | Villager (Male) |
| 7:31 | Build | Farm |
| 7:55 | Build | Farm |
| 8:15 | Create | Villager (Male) |
| 8:23 | Build | House |
| 8:27 | Build | House |
| 8:51 | Build | Farm |
| 9:07 | Research | Feudal Age |
| 9:40 | Build | Lumber Camp |
| 9:46 | Create | Villager (Male) |
| 9:46 | Create | Villager (Male) |
| 10:44 | Create | Villager (Male) |
| 10:44 | Create | Villager (Male) |
| 11:16 | Build | Mill |
| 11:17 | Age | Feudal Age |
| 11:23 | Create | Villager (Male) |
| 11:52 | Create | Villager (Male) |
| 12:13 | Build | Market |
| 12:48 | Build | Market |
| 12:54 | Build | House |
| 12:56 | Build | House |
| 13:03 | Build | Farm |
| 13:24 | Create | Villager (Male) |
| 13:31 | Research | Double-Bit Axe |
| 13:45 | Create | Villager (Male) |
| 13:56 | Build | Farm |
| 14:21 | Build | Farm |
| 14:24 | Create | Villager (Male) |
| 14:54 | Build | Blacksmith |
| 15:12 | Build | Farm |
| 15:14 | Create | Villager (Male) |
| 15:19 | Create | Villager (Male) |
| 15:20 | Create | Villager (Male) |
| 15:38 | Research | Castle Age |
| 15:49 | Build | Mining Camp |
| 15:54 | Research | Fletching |
| 18:19 | Age | Castle Age |
| 18:27 | Create | Villager (Male) ×5 |
| 18:44 | Create | Trade Cart |
| 18:44 | Create | Trade Cart |
| 20:50 | Research | Stone Mining |
| 21:06 | Build | Castle |
| 21:31 | Research | Stone Shaft Mining |
| 22:37 | Build | Town Center |
| 22:41 | Create | Villager (Male) ×5 |
| 22:47 | Research | Bow Saw |
| 22:53 | Build | Farm |
| 23:59 | Build | Mining Camp |
| 24:27 | Create | Organ Gun |
| 24:43 | Create | Villager (Male) ×5 |
| 24:49 | Create | Villager (Male) ×5 |
| 25:06 | Build | Siege Workshop |
| 25:30 | Create | Villager (Male) |
| 25:35 | Create | Trade Cart |
| 25:54 | Create | Organ Gun |
| 25:55 | Create | Organ Gun |
| 26:08 | Build | Lumber Camp |
| 26:26 | Build | Mining Camp |
| 26:31 | Research | Gold Mining |
| 26:47 | Create | Villager (Male) |
| 26:55 | Create | Battering Ram |
| 26:59 | Create | Organ Gun |
| 27:12 | Create | Villager (Male) |
| 27:12 | Create | Villager (Male) |
| 27:23 | Create | Villager (Male) |
| 27:32 | Build | Farm |
| 27:41 | Research | Horse Collar |
| 27:47 | Create | Organ Gun |
| 27:48 | Create | Organ Gun |
| 27:54 | Create | Mangonel |
| 28:13 | Build | Barracks |
| 28:29 | Create | Organ Gun |
| 28:35 | Create | Battering Ram |
| 29:15 | Create | Mangonel |
| 29:36 | Create | Organ Gun |
| 29:36 | Create | Organ Gun |
| 31:04 | Create | Battering Ram |
| 31:29 | Create | Battering Ram |
| 31:44 | Research | Imperial Age |
| 31:56 | Build | Stable |
| 32:00 | Build | Siege Workshop |
| 32:08 | Create | Battering Ram |
| 32:10 | Create | Mangonel |
| 32:14 | Create | Organ Gun |
| 32:14 | Create | Organ Gun |
| 32:14 | Create | Organ Gun |
| 32:14 | Create | Organ Gun |
| 32:15 | Create | Organ Gun |
| 32:15 | Create | Organ Gun |
| 32:15 | Create | Organ Gun |
| 32:53 | Create | Villager (Male) ×5 |
| 33:00 | Create | Mangonel |
| 33:18 | Build | House |
| 33:19 | Build | House |
| 33:20 | Build | House |
| 33:22 | Build | House |
| 33:24 | Build | House |
| 33:25 | Build | House |
| 33:31 | Create | Battering Ram |
| 33:32 | Create | Battering Ram |
| 33:37 | Create | Organ Gun |
| 33:37 | Create | Organ Gun |
| 33:56 | Build | Mining Camp |
| 34:14 | Build | Castle |
| 34:54 | Age | Imperial Age |
| 35:23 | Build | Mining Camp |
| 35:32 | Build | Feitoria |
| 35:40 | Build | University |
| 35:45 | Build | House |
| 35:46 | Build | House |
| 35:54 | Research | Two-Man Saw |
| 36:14 | Build | House |
| 38:06 | Build | House |
| 38:07 | Build | House |
| 38:08 | Build | House |
| 38:09 | Build | House |
| 38:10 | Build | House |
| 38:11 | Build | House |
| 38:16 | Build | House |
| 38:17 | Build | House |
| 38:19 | Research | Chemistry |
| 38:41 | Research | Siege Engineers |
| 38:44 | Research | Ballistics |
| 38:46 | Research | Murder Holes |
| 38:53 | Create | Trebuchet (Packed) |
| 39:28 | Build | Siege Workshop |
| 39:49 | Create | Organ Gun |
Build order — Deathraika
First 150 of 307 actions detected
| 0:12 | Build | House |
| 0:13 | Build | House |
| 0:14 | Build | House |
| 0:15 | Build | House |
| 0:21 | Create | Villager (Male) |
| 0:21 | Create | Villager (Male) |
| 0:21 | Create | Villager (Male) |
| 0:22 | Create | Villager (Male) |
| 1:48 | Create | Villager (Male) |
| 1:49 | Create | Villager (Male) |
| 2:47 | Create | Villager (Male) |
| 2:47 | Create | Villager (Male) |
| 3:01 | Create | Villager (Male) |
| 3:01 | Create | Villager (Male) |
| 3:28 | Create | Villager (Male) |
| 3:29 | Create | Villager (Male) |
| 3:57 | Create | Villager (Male) |
| 3:58 | Create | Villager (Male) |
| 4:14 | Create | Villager (Male) |
| 4:15 | Create | Villager (Male) |
| 4:27 | Create | Villager (Male) |
| 4:27 | Create | Villager (Male) |
| 4:50 | Create | Villager (Male) |
| 4:50 | Create | Villager (Male) |
| 4:51 | Create | Villager (Male) |
| 5:07 | Build | Mill |
| 5:29 | Create | Villager (Male) |
| 6:07 | Create | Villager (Male) |
| 6:07 | Create | Villager (Male) |
| 6:33 | Build | Lumber Camp |
| 6:38 | Create | Villager (Male) |
| 6:38 | Create | Villager (Male) |
| 7:11 | Create | Villager (Male) |
| 7:12 | Create | Villager (Male) |
| 7:45 | Create | Villager (Male) |
| 8:19 | Build | House |
| 8:20 | Build | House |
| 8:42 | Create | Villager (Male) |
| 9:10 | Create | Villager (Male) |
| 9:22 | Research | Feudal Age |
| 9:38 | Build | Barracks |
| 10:50 | Build | Mining Camp |
| 11:03 | Research | Loom |
| 11:23 | Create | Villager (Male) |
| 11:24 | Create | Villager (Male) |
| 11:37 | Age | Feudal Age |
| 11:41 | Build | Archery Range |
| 11:53 | Build | Archery Range |
| 12:06 | Research | Double-Bit Axe |
| 12:32 | Research | Horse Collar |
| 12:37 | Create | Villager (Male) |
| 13:09 | Create | Villager (Male) |
| 13:24 | Build | Farm |
| 13:26 | Build | Farm |
| 13:27 | Build | Farm |
| 13:28 | Build | Farm |
| 13:29 | Build | Farm |
| 13:31 | Build | Farm |
| 13:37 | Create | Villager (Male) |
| 13:38 | Create | Villager (Male) |
| 14:13 | Build | Farm |
| 14:16 | Build | Farm |
| 14:17 | Build | Farm |
| 14:31 | Create | Villager (Male) |
| 14:58 | Create | Villager (Male) |
| 15:13 | Build | Market |
| 15:31 | Build | Blacksmith |
| 15:33 | Create | Villager (Male) |
| 15:47 | Create | Villager (Male) |
| 16:02 | Build | Farm |
| 16:03 | Build | Farm |
| 16:04 | Build | Farm |
| 16:08 | Create | Villager (Male) |
| 16:14 | Build | Farm |
| 16:48 | Create | Villager (Male) |
| 16:56 | Build | House |
| 16:56 | Build | House |
| 16:58 | Build | House |
| 16:59 | Build | House |
| 17:12 | Build | Farm |
| 17:14 | Build | Farm |
| 17:18 | Create | Villager (Male) |
| 17:54 | Research | Castle Age |
| 19:57 | Build | House |
| 19:58 | Build | House |
| 19:59 | Build | House |
| 20:00 | Build | House |
| 20:01 | Build | House |
| 20:03 | Build | House |
| 20:13 | Create | Archer |
| 20:14 | Create | Archer |
| 20:19 | Create | Spearman |
| 20:19 | Create | Spearman |
| 20:34 | Age | Castle Age |
| 20:40 | Build | Town Center |
| 20:45 | Research | Wheelbarrow |
| 20:59 | Build | Castle |
| 21:12 | Research | Gambesons |
| 21:17 | Create | Fire Lancer |
| 21:24 | Research | Heavy Plow |
| 21:29 | Research | Bow Saw |
| 22:00 | Create | Villager (Male) |
| 22:00 | Create | Villager (Male) |
| 22:01 | Create | Villager (Male) |
| 22:19 | Create | Spearman |
| 22:20 | Create | Spearman |
| 22:20 | Create | Spearman |
| 22:25 | Create | Spearman |
| 22:26 | Create | Spearman |
| 23:11 | Create | Villager (Male) |
| 23:11 | Create | Villager (Male) |
| 23:11 | Create | Villager (Male) |
| 23:15 | Create | Villager (Male) |
| 23:15 | Create | Villager (Male) |
| 23:48 | Build | Watch Tower |
| 23:54 | Research | Elite Skirmisher (upgrade) |
| 23:54 | Create | Skirmisher |
| 23:55 | Create | Skirmisher |
| 23:55 | Create | Skirmisher |
| 23:55 | Create | Skirmisher |
| 23:56 | Create | Skirmisher |
| 24:07 | Build | Archery Range |
| 24:17 | Create | Spearman |
| 24:17 | Create | Spearman |
| 24:48 | Research | Fletching |
| 24:55 | Create | Skirmisher |
| 24:55 | Create | Skirmisher |
| 24:55 | Create | Skirmisher |
| 24:55 | Create | Skirmisher |
| 24:56 | Create | Skirmisher |
| 24:56 | Create | Skirmisher |
| 25:24 | Create | Villager (Male) |
| 25:24 | Create | Villager (Male) |
| 25:24 | Create | Villager (Male) |
| 25:25 | Create | Villager (Male) |
| 27:33 | Create | Villager (Male) |
| 27:33 | Create | Villager (Male) |
| 27:34 | Create | Villager (Male) |
| 27:43 | Build | Farm |
| 27:44 | Build | Farm |
| 27:46 | Build | Farm |
| 27:48 | Build | Farm |
| 27:49 | Build | Farm |
| 27:51 | Build | Farm |
| 28:20 | Create | Villager (Male) |
| 28:20 | Create | Villager (Male) |
| 28:27 | Build | Farm |
| 29:08 | Research | Imperial Age |
| 29:11 | Create | Villager (Male) |
| 29:11 | Create | Villager (Male) |
Build order — luiz
First 150 of 357 actions detected
| 0:03 | Build | House |
| 0:05 | Build | House |
| 0:05 | Create | Villager (Male) |
| 0:06 | Create | Villager (Male) |
| 0:06 | Create | Villager (Male) |
| 0:40 | Create | Villager (Male) |
| 0:40 | Create | Villager (Male) |
| 1:13 | Create | Villager (Male) |
| 2:02 | Build | Lumber Camp |
| 2:18 | Create | Villager (Male) |
| 2:18 | Create | Villager (Male) |
| 2:50 | Create | Villager (Male) |
| 2:50 | Create | Villager (Male) |
| 3:20 | Create | Villager (Male) |
| 3:20 | Create | Villager (Male) |
| 3:48 | Build | House |
| 3:59 | Create | Villager (Male) |
| 4:14 | Research | Loom |
| 4:43 | Create | Villager (Male) |
| 4:43 | Create | Villager (Male) |
| 4:44 | Create | Villager (Male) |
| 5:19 | Build | Mill |
| 5:26 | Create | Villager (Male) |
| 5:26 | Create | Villager (Male) |
| 5:26 | Create | Villager (Male) |
| 5:40 | Create | Villager (Male) |
| 6:16 | Build | House |
| 6:48 | Create | Villager (Male) |
| 6:49 | Create | Villager (Male) |
| 6:49 | Create | Villager (Male) |
| 7:02 | Create | Villager (Male) ×2 |
| 7:16 | Create | Villager (Male) |
| 7:25 | Build | Mill |
| 7:39 | Create | Villager (Male) |
| 7:39 | Create | Villager (Male) |
| 7:45 | Build | House |
| 9:38 | Research | Feudal Age |
| 10:28 | Build | Mining Camp |
| 11:19 | Create | Villager (Male) |
| 11:19 | Create | Villager (Male) |
| 12:50 | Age | Feudal Age |
| 12:54 | Build | Market |
| 13:03 | Build | Blacksmith |
| 13:22 | Build | Farm |
| 14:00 | Research | Double-Bit Axe |
| 14:06 | Build | Mining Camp |
| 14:12 | Research | Castle Age |
| 14:30 | Build | Donjon |
| 14:34 | Create | Villager (Male) |
| 14:58 | Build | Barracks |
| 15:07 | Build | Farm |
| 15:07 | Build | Farm |
| 15:12 | Build | Farm |
| 15:12 | Build | Farm |
| 15:32 | Build | Donjon |
| 15:39 | Build | Palisade Wall |
| 15:40 | Build | Palisade Wall |
| 15:41 | Build | Palisade Wall |
| 15:55 | Build | Palisade Wall |
| 15:57 | Build | Palisade Wall |
| 16:17 | Research | Scale Mail Armor |
| 16:26 | Build | Farm |
| 16:26 | Build | Farm |
| 16:26 | Build | Farm |
| 16:27 | Build | Farm |
| 16:30 | Build | Farm |
| 16:52 | Age | Castle Age |
| 16:58 | Create | Serjeant |
| 16:58 | Create | Serjeant |
| 17:39 | Create | Serjeant |
| 17:43 | Create | Villager (Male) |
| 17:53 | Build | Town Center |
| 18:00 | Build | Farm |
| 18:14 | Create | Serjeant |
| 18:15 | Create | Villager (Male) |
| 18:20 | Create | Villager (Male) |
| 18:35 | Build | Monastery |
| 19:04 | Create | Villager (Male) ×2 |
| 19:10 | Build | Farm |
| 19:11 | Build | Farm |
| 19:11 | Build | Farm |
| 19:11 | Build | Farm |
| 19:12 | Build | Farm |
| 19:18 | Create | Serjeant |
| 19:19 | Create | Villager (Male) |
| 19:22 | Create | Monk |
| 19:30 | Build | Mill |
| 19:53 | Create | Villager (Male) |
| 19:56 | Research | Arson |
| 20:07 | Create | Villager (Male) |
| 20:12 | Build | House |
| 20:13 | Build | House |
| 20:13 | Build | House |
| 20:14 | Build | House |
| 20:14 | Build | House |
| 20:15 | Build | House |
| 20:15 | Build | House |
| 20:20 | Build | House |
| 20:35 | Create | Villager (Male) |
| 20:35 | Create | Villager (Male) |
| 20:37 | Create | Serjeant |
| 20:40 | Create | Monk |
| 21:02 | Create | Villager (Male) |
| 21:03 | Create | Villager (Male) |
| 21:04 | Create | Serjeant |
| 21:11 | Build | Farm |
| 21:11 | Build | Farm |
| 21:11 | Build | Farm |
| 21:17 | Research | Horse Collar |
| 21:31 | Create | Serjeant |
| 21:43 | Create | Serjeant |
| 21:49 | Build | Siege Workshop |
| 21:53 | Create | Villager (Male) |
| 21:53 | Create | Villager (Male) |
| 22:11 | Build | Farm |
| 22:11 | Build | Farm |
| 22:11 | Build | Farm |
| 22:12 | Build | Farm |
| 22:14 | Build | Farm |
| 22:28 | Create | Villager (Male) |
| 22:29 | Create | Villager (Male) |
| 22:29 | Create | Villager (Male) |
| 22:45 | Create | Villager (Male) |
| 22:45 | Create | Villager (Male) |
| 23:19 | Create | Villager (Male) |
| 23:20 | Create | Villager (Male) |
| 23:23 | Create | Battering Ram |
| 23:27 | Create | Serjeant |
| 23:30 | Research | Forging |
| 23:42 | Research | Bow Saw |
| 23:53 | Build | Farm |
| 23:59 | Create | Villager (Male) |
| 23:59 | Create | Villager (Male) |
| 24:08 | Create | Monk |
| 24:11 | Create | Villager (Male) |
| 24:16 | Create | Serjeant |
| 24:30 | Create | Villager (Male) |
| 24:30 | Create | Villager (Male) |
| 24:34 | Create | Battering Ram |
| 24:41 | Build | House |
| 25:07 | Create | Villager (Male) |
| 25:07 | Create | Villager (Male) |
| 25:26 | Research | Imperial Age |
| 25:44 | Build | Mining Camp |
| 25:49 | Create | Villager (Male) ×2 |
| 25:49 | Create | Villager (Male) ×2 |
| 25:55 | Create | Trade Cart |
| 26:01 | Build | House |
| 26:14 | Create | Serjeant |
| 26:14 | Create | Serjeant |
Build order — italoramosbr
First 150 of 339 actions detected
| 0:03 | Create | Villager (Male) |
| 0:03 | Create | Villager (Male) |
| 0:03 | Create | Villager (Male) |
| 0:04 | Create | Villager (Male) |
| 0:07 | Build | House |
| 0:13 | Build | House |
| 1:45 | Create | Villager (Male) |
| 2:15 | Create | Villager (Male) |
| 2:30 | Create | Villager (Male) |
| 2:43 | Build | House |
| 2:48 | Build | House |
| 3:13 | Create | Villager (Male) |
| 3:23 | Create | Villager (Male) |
| 3:55 | Create | Villager (Male) |
| 4:39 | Research | Loom |
| 4:41 | Create | Villager (Male) |
| 4:41 | Create | Villager (Male) |
| 5:10 | Create | Villager (Male) |
| 5:36 | Build | Lumber Camp |
| 5:40 | Create | Villager (Male) |
| 5:51 | Create | Villager (Male) |
| 6:22 | Build | Mill |
| 6:22 | Create | Villager (Male) |
| 6:37 | Build | Barracks |
| 6:43 | Create | Villager (Male) |
| 7:18 | Create | Villager (Male) |
| 7:38 | Create | Villager (Male) |
| 7:45 | Build | House |
| 8:13 | Create | Villager (Male) |
| 8:52 | Create | Villager (Male) |
| 8:52 | Create | Villager (Male) |
| 8:53 | Create | Villager (Male) |
| 9:25 | Build | Mining Camp |
| 9:27 | Create | Villager (Male) |
| 10:12 | Build | Mining Camp |
| 10:22 | Build | House |
| 10:56 | Research | Feudal Age |
| 11:14 | Build | Mill |
| 11:19 | Build | Farm |
| 11:19 | Build | Farm |
| 11:20 | Build | Farm |
| 11:20 | Build | Farm |
| 12:01 | Create | Militia |
| 12:01 | Create | Militia |
| 12:01 | Create | Militia |
| 12:02 | Create | Militia |
| 12:18 | Create | Militia |
| 12:27 | Build | House |
| 12:28 | Build | House |
| 13:06 | Age | Feudal Age |
| 13:11 | Create | Villager (Male) |
| 13:12 | Create | Villager (Male) |
| 13:15 | Research | Double-Bit Axe |
| 13:24 | Create | Villager (Male) |
| 13:45 | Build | Archery Range |
| 13:54 | Create | Villager (Male) |
| 14:09 | Research | Man-at-Arms (upgrade) |
| 14:19 | Build | House |
| 14:33 | Build | Farm |
| 14:33 | Build | Farm |
| 14:33 | Build | Farm |
| 14:43 | Build | Blacksmith |
| 14:48 | Create | Villager (Male) |
| 15:03 | Build | Gate |
| 15:06 | Create | Villager (Male) |
| 15:14 | Research | Gold Mining |
| 15:22 | Create | Skirmisher |
| 15:22 | Create | Skirmisher |
| 15:54 | Create | Villager (Male) |
| 16:17 | Research | Fletching |
| 16:23 | Build | Archery Range |
| 16:30 | Create | Skirmisher |
| 16:30 | Create | Skirmisher |
| 16:32 | Create | Archer |
| 16:32 | Create | Archer |
| 16:53 | Create | Villager (Male) |
| 16:55 | Create | Villager (Male) |
| 17:07 | Build | Lumber Camp |
| 17:23 | Create | Skirmisher |
| 17:24 | Create | Skirmisher |
| 17:24 | Create | Skirmisher |
| 17:35 | Build | Outpost |
| 17:37 | Build | Outpost |
| 17:39 | Build | Outpost |
| 17:41 | Build | Outpost |
| 17:43 | Build | Outpost |
| 18:02 | Build | Farm |
| 18:06 | Build | Farm |
| 18:07 | Create | Villager (Male) |
| 18:07 | Create | Villager (Male) |
| 18:12 | Research | Stone Mining |
| 18:32 | Build | Market |
| 18:37 | Build | House |
| 18:42 | Build | Farm |
| 19:02 | Create | Villager (Male) |
| 19:07 | Research | Wheelbarrow |
| 19:08 | Research | Town Watch |
| 19:25 | Create | Villager (Male) |
| 19:50 | Build | Stable |
| 19:53 | Build | House |
| 19:55 | Build | Stable |
| 20:09 | Create | Skirmisher |
| 20:09 | Create | Skirmisher |
| 20:13 | Research | Padded Archer Armor |
| 20:22 | Research | Horse Collar |
| 20:43 | Create | Skirmisher |
| 20:44 | Create | Archer |
| 20:52 | Create | Archer |
| 20:52 | Create | Archer |
| 21:16 | Build | House |
| 21:22 | Create | Villager (Male) |
| 21:23 | Create | Villager (Male) |
| 21:34 | Build | Farm |
| 22:09 | Create | Villager (Male) |
| 22:09 | Create | Villager (Male) |
| 23:16 | Research | Arson |
| 23:20 | Research | Forging |
| 23:24 | Build | Farm |
| 23:24 | Build | Farm |
| 23:25 | Build | Farm |
| 23:26 | Build | Farm |
| 23:30 | Build | Farm |
| 23:39 | Create | Militia |
| 23:39 | Create | Militia |
| 23:43 | Create | Skirmisher |
| 23:43 | Create | Skirmisher |
| 24:02 | Build | House |
| 24:02 | Build | House |
| 24:03 | Build | House |
| 24:05 | Build | House |
| 24:59 | Create | Militia |
| 25:13 | Create | Villager (Male) |
| 26:03 | Create | Skirmisher |
| 26:03 | Create | Skirmisher |
| 26:04 | Create | Skirmisher |
| 26:04 | Create | Skirmisher |
| 26:04 | Create | Skirmisher |
| 26:05 | Create | Skirmisher |
| 26:16 | Create | Militia |
| 26:16 | Create | Militia |
| 26:20 | Create | Skirmisher |
| 26:20 | Create | Skirmisher |
| 26:33 | Research | Scale Mail Armor |
| 26:51 | Build | House |
| 27:01 | Research | Castle Age |
| 27:05 | Build | Lumber Camp |
| 27:22 | Create | Archer |
| 27:22 | Create | Archer |
| 27:22 | Create | Archer |
| 27:22 | Create | Archer |
Build order — SirCardoso
First 150 of 223 actions detected
| 0:03 | Build | House |
| 0:07 | Build | House |
| 0:09 | Create | Villager (Male) |
| 0:10 | Create | Villager (Male) |
| 0:10 | Create | Villager (Male) |
| 0:10 | Create | Villager (Male) |
| 1:46 | Build | House |
| 1:49 | Create | Villager (Male) |
| 1:50 | Create | Villager (Male) |
| 3:08 | Create | Villager (Male) |
| 3:08 | Create | Villager (Male) |
| 3:09 | Create | Villager (Male) |
| 4:01 | Create | Villager (Male) |
| 4:01 | Create | Villager (Male) |
| 5:29 | Create | Villager (Male) |
| 5:29 | Create | Villager (Male) |
| 6:10 | Build | House |
| 6:36 | Create | Villager (Male) |
| 6:36 | Create | Villager (Male) |
| 6:47 | Build | Settlement |
| 6:50 | Create | Villager (Male) |
| 8:07 | Create | Villager (Male) |
| 8:07 | Create | Villager (Male) |
| 8:08 | Create | Villager (Male) |
| 8:35 | Create | Villager (Male) |
| 9:28 | Create | Villager (Male) |
| 9:29 | Create | Villager (Male) |
| 10:05 | Build | Settlement |
| 11:08 | Create | Villager (Male) |
| 11:09 | Create | Villager (Male) |
| 11:09 | Create | Villager (Male) |
| 11:09 | Create | Villager (Male) |
| 11:11 | Create | Villager (Male) |
| 11:34 | Create | Villager (Male) |
| 11:51 | Research | Feudal Age |
| 13:40 | Build | Farm |
| 13:40 | Build | Farm |
| 13:59 | Build | Settlement |
| 14:40 | Build | House |
| 14:41 | Build | House |
| 14:42 | Build | House |
| 14:43 | Build | House |
| 14:44 | Build | House |
| 14:45 | Build | House |
| 15:29 | Create | Villager (Male) |
| 15:30 | Create | Villager (Male) |
| 15:42 | Build | Farm |
| 15:47 | Build | Farm |
| 15:48 | Build | Farm |
| 15:49 | Age | Feudal Age |
| 16:01 | Build | Blacksmith |
| 16:05 | Build | Market |
| 16:39 | Create | Villager (Male) |
| 16:41 | Build | Farm |
| 16:43 | Create | Villager (Male) |
| 17:08 | Build | Farm |
| 17:40 | Build | Farm |
| 17:40 | Build | Farm |
| 18:28 | Build | Farm |
| 18:35 | Build | Farm |
| 18:41 | Research | Castle Age |
| 19:54 | Research | Double-Bit Axe |
| 19:59 | Research | Horse Collar |
| 20:50 | Build | Farm |
| 20:51 | Build | Farm |
| 20:53 | Build | Farm |
| 20:57 | Build | Farm |
| 21:04 | Build | Farm |
| 21:21 | Age | Castle Age |
| 21:47 | Create | Villager (Male) |
| 21:48 | Create | Villager (Male) |
| 22:14 | Build | Town Center |
| 22:45 | Research | Heavy Plow |
| 23:47 | Create | Villager (Male) |
| 23:48 | Create | Villager (Male) |
| 24:01 | Build | Farm |
| 24:07 | Build | Farm |
| 24:38 | Create | Villager (Male) ×5 |
| 25:14 | Research | Bow Saw |
| 25:20 | Create | Villager (Male) ×2 |
| 26:09 | Create | Villager (Male) ×5 |
| 26:10 | Create | Villager (Male) |
| 26:44 | Build | Farm |
| 26:44 | Build | Farm |
| 26:59 | Build | Farm |
| 27:19 | Build | Market |
| 27:24 | Build | House |
| 27:26 | Build | House |
| 27:28 | Build | House |
| 27:49 | Build | Town Center |
| 28:50 | Create | Villager (Male) ×2 |
| 29:20 | Create | Villager (Male) ×3 |
| 29:36 | Build | Farm |
| 29:37 | Build | Farm |
| 30:17 | Build | Settlement |
| 30:41 | Create | Villager (Male) ×5 |
| 30:41 | Create | Villager (Male) ×5 |
| 30:42 | Create | Villager (Male) ×2 |
| 30:49 | Build | House |
| 30:50 | Build | House |
| 30:51 | Build | House |
| 30:52 | Build | House |
| 30:54 | Build | House |
| 30:57 | Build | Farm |
| 31:24 | Create | Trade Cart ×4 |
| 31:31 | Build | Farm |
| 32:21 | Build | Town Center |
| 32:26 | Build | Farm |
| 33:04 | Build | Farm |
| 33:16 | Research | Gold Mining |
| 33:29 | Build | Castle |
| 33:47 | Research | Wheelbarrow |
| 33:59 | Create | Villager (Male) ×5 |
| 34:00 | Create | Villager (Male) |
| 34:40 | Build | Settlement |
| 35:31 | Create | Trade Cart ×5 |
| 35:43 | Build | University |
| 35:51 | Create | Villager (Male) ×5 |
| 35:52 | Create | Villager (Male) ×5 |
| 36:54 | Build | Farm |
| 36:54 | Build | Farm |
| 37:05 | Build | Farm |
| 37:05 | Build | Farm |
| 37:13 | Create | Villager (Male) ×5 |
| 37:13 | Create | Villager (Male) ×3 |
| 37:33 | Create | Unit 2579 |
| 37:34 | Create | Unit 2579 |
| 37:34 | Create | Unit 2579 |
| 37:34 | Create | Unit 2579 |
| 37:35 | Create | Unit 2579 |
| 37:49 | Build | Farm |
| 37:51 | Build | Farm |
| 37:52 | Build | Farm |
| 38:22 | Research | Ballistics |
| 38:49 | Create | Villager (Male) ×5 |
| 38:51 | Create | Villager (Male) ×5 |
| 38:53 | Create | Villager (Male) ×5 |
| 38:55 | Research | Hand Cart |
| 39:48 | Build | Castle |
| 40:07 | Create | Unit 2579 |
| 40:08 | Create | Unit 2579 |
| 40:08 | Create | Unit 2579 |
| 40:09 | Create | Unit 2579 |
| 40:14 | Research | Imperial Age |
| 40:34 | Build | House |
| 40:34 | Build | House |
| 40:34 | Build | House |
| 40:35 | Build | House |
| 40:36 | Build | House |
| 40:37 | Build | House |
Build order — o Talarico
First 150 of 255 actions detected
| 0:03 | Build | House |
| 0:05 | Build | House |
| 0:22 | Create | Villager (Male) |
| 0:22 | Create | Villager (Male) |
| 0:23 | Create | Villager (Male) |
| 0:23 | Create | Villager (Male) |
| 1:35 | Build | Lumber Camp |
| 1:37 | Create | Villager (Male) |
| 2:25 | Create | Villager (Male) |
| 2:54 | Create | Villager (Male) |
| 3:22 | Create | Villager (Male) |
| 4:00 | Create | Villager (Male) |
| 4:18 | Create | Villager (Male) |
| 4:32 | Build | Mill |
| 4:43 | Create | Villager (Male) |
| 5:01 | Build | House |
| 5:15 | Create | Villager (Male) |
| 5:40 | Create | Villager (Male) |
| 6:16 | Create | Villager (Male) |
| 6:17 | Create | Villager (Male) |
| 6:28 | Build | House |
| 6:45 | Build | Mill |
| 6:57 | Create | Villager (Male) |
| 7:11 | Create | Villager (Male) |
| 7:54 | Create | Villager (Male) |
| 8:19 | Build | Lumber Camp |
| 8:24 | Build | Farm |
| 8:26 | Research | Loom |
| 8:28 | Research | Feudal Age |
| 9:04 | Build | Farm |
| 9:38 | Build | House |
| 10:01 | Build | Mining Camp |
| 10:33 | Create | Villager (Male) |
| 10:38 | Age | Feudal Age |
| 10:42 | Research | Wheelbarrow |
| 11:16 | Build | Farm |
| 11:23 | Research | Double-Bit Axe |
| 12:04 | Create | Villager (Male) |
| 12:24 | Create | Villager (Male) |
| 12:47 | Build | Farm |
| 12:55 | Create | Villager (Male) |
| 13:10 | Build | Blacksmith |
| 13:16 | Create | Villager (Male) |
| 13:21 | Build | Farm |
| 13:25 | Build | Farm |
| 13:31 | Build | Farm |
| 13:41 | Create | Villager (Male) |
| 13:48 | Build | Barracks |
| 14:01 | Build | Farm |
| 14:08 | Create | Villager (Male) |
| 14:18 | Build | House |
| 14:25 | Create | Villager (Male) |
| 14:33 | Build | House |
| 15:01 | Create | Villager (Male) |
| 15:13 | Build | Stable |
| 15:18 | Build | Stable |
| 15:25 | Build | Farm |
| 15:34 | Create | Villager (Male) |
| 15:42 | Build | Farm |
| 16:01 | Research | Castle Age |
| 16:53 | Build | Market |
| 17:16 | Build | Farm |
| 17:19 | Build | Lumber Camp |
| 17:51 | Build | Farm |
| 17:56 | Build | Lumber Camp |
| 18:03 | Research | Gold Mining |
| 18:21 | Build | Mining Camp |
| 18:28 | Create | Villager (Male) |
| 18:41 | Age | Castle Age |
| 18:42 | Research | Loom |
| 18:43 | Create | Villager (Male) |
| 19:00 | Build | Town Center |
| 19:11 | Create | Villager (Male) |
| 19:14 | Research | Scale Barding Armor |
| 19:17 | Research | Forging |
| 19:20 | Create | Knight ×3 |
| 19:26 | Research | Husbandry |
| 19:32 | Create | Knight |
| 19:56 | Create | Villager (Male) |
| 20:08 | Build | Market |
| 20:14 | Create | Trade Cart |
| 20:22 | Create | Villager (Male) |
| 20:23 | Create | Villager (Male) |
| 20:27 | Build | Farm |
| 20:29 | Build | Farm |
| 20:56 | Research | Chain Barding Armor |
| 21:20 | Create | Villager (Male) |
| 21:35 | Research | Bow Saw |
| 21:40 | Create | Villager (Male) |
| 21:41 | Create | Villager (Male) |
| 23:04 | Research | Hand Cart |
| 23:07 | Create | Villager (Male) |
| 23:07 | Create | Villager (Male) |
| 23:13 | Build | Farm |
| 23:15 | Build | Farm |
| 23:18 | Build | Farm |
| 23:28 | Build | House |
| 23:32 | Build | House |
| 23:35 | Build | House |
| 23:37 | Create | Villager (Male) |
| 23:43 | Build | Farm |
| 23:50 | Build | House |
| 23:51 | Build | House |
| 23:52 | Build | House |
| 23:56 | Create | Villager (Male) |
| 23:56 | Create | Villager (Male) |
| 23:57 | Create | Villager (Male) |
| 25:01 | Build | Stable |
| 25:09 | Build | Stable |
| 25:17 | Build | Monastery |
| 25:19 | Create | Villager (Male) |
| 25:20 | Create | Villager (Male) |
| 25:28 | Build | Farm |
| 25:34 | Build | Farm |
| 25:39 | Build | Lumber Camp |
| 25:41 | Create | Villager (Male) |
| 25:43 | Create | Villager (Male) |
| 25:54 | Build | Town Center |
| 26:07 | Create | Villager (Male) |
| 26:40 | Create | Villager (Male) |
| 26:45 | Create | Villager (Male) |
| 26:57 | Create | Trade Cart |
| 26:58 | Research | Caravan |
| 27:03 | Create | Trade Cart |
| 27:06 | Create | Monk |
| 27:18 | Build | Mining Camp |
| 27:22 | Research | Stone Mining |
| 27:28 | Create | Villager (Male) |
| 27:47 | Create | Villager (Male) |
| 28:20 | Research | Fervor |
| 28:21 | Create | Monk |
| 28:38 | Create | Villager (Male) |
| 28:38 | Create | Villager (Male) |
| 29:00 | Create | Villager (Male) |
| 29:00 | Create | Villager (Male) |
| 29:02 | Create | Villager (Male) |
| 29:16 | Build | University |
| 29:45 | Create | Trade Cart |
| 29:52 | Create | Knight ×5 |
| 30:03 | Create | Knight ×5 |
| 30:39 | Research | Imperial Age |
| 31:06 | Create | Knight ×5 |
| 31:45 | Build | House |
| 31:48 | Build | House |
| 31:49 | Build | House |
| 31:59 | Create | Villager (Male) |
| 32:00 | Create | Villager (Male) |
| 32:00 | Create | Villager (Male) |
| 32:35 | Create | Trade Cart |
| 33:10 | Build | Mining Camp |
Match timeline
| 6:37 | italoramosbr · first_building Barracks |
| 9:38 | Deathraika · first_building Barracks |
| 10:38 | o Talarico · age_up feudal |
| 11:17 | ZECA URUBU · age_up feudal |
| 11:37 | Deathraika · age_up feudal |
| 11:41 | Deathraika · first_building Archery Range |
| 12:50 | luiz · age_up feudal |
| 13:06 | italoramosbr · age_up feudal |
| 13:45 | italoramosbr · first_building Archery Range |
| 13:48 | o Talarico · first_building Barracks |
| 14:30 | luiz · first_building Donjon |
| 14:58 | luiz · first_building Barracks |
| 15:13 | o Talarico · first_building Stable |
| 15:39 | luiz · wall_segment Palisade Wall x1 |
| 15:40 | luiz · wall_segment Palisade Wall x1 |
| 15:41 | luiz · wall_segment Palisade Wall x1 |
| 15:49 | SirCardoso · age_up feudal |
| 15:55 | luiz · wall_segment Palisade Wall x1 |
| 15:57 | luiz · wall_segment Palisade Wall x1 |
| 16:52 | luiz · age_up castle |
| 17:15 | SirCardoso · tribute_sent a jugador 1 |
| 17:15 | SirCardoso · tribute_sent a jugador 2 |
| 17:15 | SirCardoso · tribute_sent a jugador 3 |
| 17:15 | SirCardoso · tribute_sent a jugador 4 |
| 17:15 | SirCardoso · tribute_sent a jugador 6 |
| 17:27 | SirCardoso · tribute_sent a jugador 1 |
| 17:27 | SirCardoso · tribute_sent a jugador 2 |
| 17:27 | SirCardoso · tribute_sent a jugador 3 |
| 17:27 | SirCardoso · tribute_sent a jugador 4 |
| 17:27 | SirCardoso · tribute_sent a jugador 6 |
| 18:19 | ZECA URUBU · age_up castle |
| 18:35 | luiz · first_building Monastery |
| 18:41 | o Talarico · age_up castle |
| 19:18 | SirCardoso · tribute_sent a jugador 1 |
| 19:18 | SirCardoso · tribute_sent a jugador 2 |
| 19:18 | SirCardoso · tribute_sent a jugador 3 |
| 19:18 | SirCardoso · tribute_sent a jugador 4 |
| 19:18 | SirCardoso · tribute_sent a jugador 6 |
| 19:35 | SirCardoso · tribute_sent a jugador 1 |
| 19:35 | SirCardoso · tribute_sent a jugador 2 |
| 19:35 | SirCardoso · tribute_sent a jugador 3 |
| 19:35 | SirCardoso · tribute_sent a jugador 4 |
| 19:35 | SirCardoso · tribute_sent a jugador 6 |
| 19:50 | italoramosbr · first_building Stable |
| 20:34 | Deathraika · age_up castle |
| 20:59 | Deathraika · first_building Castle |
| 21:06 | ZECA URUBU · first_building Castle |
| 21:19 | SirCardoso · first_market_buy 100 wood |
| 21:21 | SirCardoso · age_up castle |
| 21:39 | luiz · first_market_buy 100 food |
| 21:49 | luiz · first_building Siege Workshop |
| 23:06 | SirCardoso · tribute_sent a jugador 1 |
| 23:06 | SirCardoso · tribute_sent a jugador 2 |
| 23:06 | SirCardoso · tribute_sent a jugador 3 |
| 23:06 | SirCardoso · tribute_sent a jugador 4 |
| 23:06 | SirCardoso · tribute_sent a jugador 6 |
| 23:34 | SirCardoso · tribute_sent a jugador 1 |
| 23:34 | SirCardoso · tribute_sent a jugador 2 |
| 23:34 | SirCardoso · tribute_sent a jugador 3 |
| 23:34 | SirCardoso · tribute_sent a jugador 4 |
| 23:34 | SirCardoso · tribute_sent a jugador 6 |
| 24:28 | SirCardoso · tribute_sent a jugador 1 |
| 24:28 | SirCardoso · tribute_sent a jugador 2 |
| 24:28 | SirCardoso · tribute_sent a jugador 3 |
| 24:28 | SirCardoso · tribute_sent a jugador 4 |
| 24:28 | SirCardoso · tribute_sent a jugador 6 |
| 25:06 | ZECA URUBU · first_building Siege Workshop |
| 25:17 | luiz · first_market_sell 100 stone |
| 25:17 | o Talarico · first_building Monastery |
| 25:19 | italoramosbr · first_market_buy 100 food |
| 25:38 | SirCardoso · tribute_sent a jugador 1 |
| 25:38 | SirCardoso · tribute_sent a jugador 2 |
| 25:38 | SirCardoso · tribute_sent a jugador 3 |
| 25:38 | SirCardoso · tribute_sent a jugador 4 |
| 25:38 | SirCardoso · tribute_sent a jugador 6 |
| 27:04 | Deathraika · first_market_buy 100 food |
| 27:06 | Deathraika · first_market_sell 100 wood |
| 28:05 | SirCardoso · tribute_sent a jugador 1 |
| 28:05 | SirCardoso · tribute_sent a jugador 2 |
| 28:05 | SirCardoso · tribute_sent a jugador 3 |
| 28:05 | SirCardoso · tribute_sent a jugador 4 |
| 28:05 | SirCardoso · tribute_sent a jugador 6 |
| 28:13 | ZECA URUBU · first_building Barracks |
| 28:34 | SirCardoso · tribute_sent a jugador 1 |
| 28:34 | SirCardoso · tribute_sent a jugador 2 |
| 28:34 | SirCardoso · tribute_sent a jugador 3 |
| 28:34 | SirCardoso · tribute_sent a jugador 4 |
| 28:34 | SirCardoso · tribute_sent a jugador 6 |
| 28:42 | luiz · age_up imperial |
| 28:57 | luiz · first_building Castle |
| 29:01 | SirCardoso · tribute_sent a jugador 1 |
| 29:01 | SirCardoso · tribute_sent a jugador 2 |
| 29:01 | SirCardoso · tribute_sent a jugador 3 |
| 29:01 | SirCardoso · tribute_sent a jugador 4 |
| 29:01 | SirCardoso · tribute_sent a jugador 6 |
| 29:18 | italoramosbr · first_market_sell 100 wood |
| 29:39 | Deathraika · first_building Siege Workshop |
| 29:41 | italoramosbr · age_up castle |
| 30:25 | italoramosbr · first_building Siege Workshop |
| 31:31 | italoramosbr · first_building Monastery |
| 31:56 | ZECA URUBU · first_building Stable |
| 32:00 | italoramosbr · first_building Castle |
| 32:20 | Deathraika · age_up imperial |
| 32:38 | SirCardoso · tribute_sent a jugador 1 |
| 32:38 | SirCardoso · tribute_sent a jugador 2 |
| 32:38 | SirCardoso · tribute_sent a jugador 3 |
| 32:38 | SirCardoso · tribute_sent a jugador 4 |
| 32:38 | SirCardoso · tribute_sent a jugador 6 |
| 32:57 | SirCardoso · tribute_sent a jugador 1 |
| 32:57 | SirCardoso · tribute_sent a jugador 2 |
| 32:57 | SirCardoso · tribute_sent a jugador 3 |
| 32:57 | SirCardoso · tribute_sent a jugador 4 |
| 32:57 | SirCardoso · tribute_sent a jugador 6 |
| 33:29 | SirCardoso · first_building Castle |
| 33:49 | o Talarico · age_up imperial |
| 34:54 | ZECA URUBU · age_up imperial |
| 36:24 | SirCardoso · tribute_sent a jugador 1 |
| 36:24 | SirCardoso · tribute_sent a jugador 2 |
| 36:24 | SirCardoso · tribute_sent a jugador 3 |
| 36:24 | SirCardoso · tribute_sent a jugador 4 |
| 36:24 | SirCardoso · tribute_sent a jugador 6 |
| 36:28 | o Talarico · first_building Castle |
| 36:40 | SirCardoso · tribute_sent a jugador 1 |
| 36:40 | SirCardoso · tribute_sent a jugador 2 |
| 36:40 | SirCardoso · tribute_sent a jugador 3 |
| 36:40 | SirCardoso · tribute_sent a jugador 4 |
| 36:40 | SirCardoso · tribute_sent a jugador 6 |
| 37:28 | SirCardoso · tribute_sent a jugador 1 |
| 37:28 | SirCardoso · tribute_sent a jugador 2 |
| 37:28 | SirCardoso · tribute_sent a jugador 3 |
| 37:28 | SirCardoso · tribute_sent a jugador 4 |
| 37:28 | SirCardoso · tribute_sent a jugador 6 |
| 40:19 | ZECA URUBU · first_building Monastery |
| 40:26 | SirCardoso · tribute_sent a jugador 1 |
| 40:26 | SirCardoso · tribute_sent a jugador 2 |
| 40:26 | SirCardoso · tribute_sent a jugador 3 |
| 40:26 | SirCardoso · tribute_sent a jugador 4 |
| 40:26 | SirCardoso · tribute_sent a jugador 6 |
| 40:53 | Deathraika · wall_segment Stone Wall x13 |
| 40:54 | SirCardoso · tribute_sent a jugador 1 |
| 40:54 | SirCardoso · tribute_sent a jugador 2 |
| 40:54 | SirCardoso · tribute_sent a jugador 3 |
| 40:54 | SirCardoso · tribute_sent a jugador 4 |
| 40:54 | SirCardoso · tribute_sent a jugador 6 |
| 41:26 | SirCardoso · first_building Barracks |
| 42:42 | SirCardoso · tribute_sent a jugador 1 |
| 42:42 | SirCardoso · tribute_sent a jugador 2 |
| 42:42 | SirCardoso · tribute_sent a jugador 3 |
| 42:42 | SirCardoso · tribute_sent a jugador 4 |
| 42:42 | SirCardoso · tribute_sent a jugador 6 |
| 42:59 | SirCardoso · first_building Archery Range |
| 43:37 | SirCardoso · tribute_sent a jugador 1 |
| 43:37 | SirCardoso · tribute_sent a jugador 2 |
| 43:37 | SirCardoso · tribute_sent a jugador 3 |
| 43:37 | SirCardoso · tribute_sent a jugador 4 |
| 43:37 | SirCardoso · tribute_sent a jugador 6 |
| 43:40 | SirCardoso · age_up imperial |
| 44:02 | Deathraika · resign |
| 47:34 | SirCardoso · first_market_sell 100 wood |
| 54:38 | italoramosbr · age_up imperial |
[ AI ANALYSIS · 1 CREDIT ]
What really happened in this match?
Wolo.gg analyzes every decision: build order, eco, micro, common mistakes by bracket. Personalized analysis on WhatsApp or Discord in 30 seconds.
Civ guide
Portuguese
Map guide
Arena
Perfil
ZECA URUBU